 Seeded DCSS version 0.27-a0-1312-g5cdb2b3542 (webtiles) character file.

Game seed: 14170726513584504176 (custom seed)

23 flotson the Sneak (level 2, 0/24 HPs)
             Began as a Demonspawn Delver on June 20, 2021.
             Slain by a river rat (3 damage)
             ... on level 5 of the Dungeon.
             The game lasted 00:01:07 (102 turns).

flotson the Sneak (Demonspawn Delver)                Turns: 102, Time: 00:01:07

Health: 0/24       AC:  5    Str: 12    XL:     2   Next: 72%
Magic:  2/2        EV: 12    Int: 11    God:
Gold:   0          SH:  0    Dex: 14    Spells: 1/1 levels left

rFire    . . .     SeeInvis .   a - +0 hand axe
rCold    . . .     Faith    .   (no shield)
rNeg     . . .     Spirit   .   b - +0 leather armour
rPois    .         Reflect  .   h - +1 helmet
rElec    .         Harm     .   (no cloak)
rCorr    .         Rampage  .   (no gloves)
Will     .....                  (no boots)
Stlth    +.........             (no amulet)
HPRegen  0.08/turn              (no ring)
MPRegen  0.08/turn              (no ring)

@: very slow
A: demonic guardian 1
a: no special abilities


You were on level 5 of the Dungeon.
You visited 1 branch of the dungeon, and saw 1 of its levels.

Inventory:

Hand Weapons
 a - a +0 hand axe (weapon)
Armour
 b - a +0 leather armour (worn)
 h - a +1 helmet (worn)
Wands
 g - a wand of digging (3)
Scrolls
 c - a scroll of fog
 d - a scroll of magic mapping


   Skills:
 + Level 3.2 Fighting
 + Level 2.1 Axes
 + Level 0.8 Armour
 + Level 2.1 Dodging
 - Level 4.5 Stealth


You had one spell level left.
You didn't know any spells.
Your spell library was empty.

Dungeon Overview and Level Annotations

Branches:
Dungeon (5/15)
 Temple: D:4-7

Altars:

Portals:
Sewer: D:5


Innate Abilities, Weirdness & Mutations

A weak demonic guardian rushes to your aid.


Message History

Moving in this stuff is going to be slow.
The centaur zombie hits you but does no damage.
The centaur zombie completely misses you.
The rat splashes around in the water.
The centaur zombie hits you.
* * * LOW HITPOINT WARNING * * *
A demonic guardian appears!
The centaur zombie closely misses you.
The giant cockroach bites you but does no damage.
You closely miss the giant cockroach. You hit the rat.
You kill the rat!
You hit the centaur zombie but do no damage.
The centaur zombie barely misses you.
The centaur zombie kicks you but does no damage.
The giant cockroach closely misses you.
Your shadow imp closely misses the giant cockroach.
The giant cockroach closely misses you.
Your shadow imp hits the giant cockroach but does no damage.
The giant cockroach misses you. The giant cockroach barely misses you.
Your shadow imp splashes around in the water.
The centaur zombie closely misses your shadow imp.
The centaur zombie kicks your shadow imp but does no damage.
The giant cockroach barely misses you.
Your shadow imp closely misses the giant cockroach.
The river rat barely misses you.
Your shadow imp hits the centaur zombie.
The giant cockroach splashes around in the water.
Your unstable footing causes you to fumble your attack.
The giant cockroach barely misses you. The river rat bites you.
* * * LOW HITPOINT WARNING * * *
The giant cockroach barely misses you. The centaur zombie misses you.
The centaur zombie kicks you but does no damage.
Unknown command.
The river rat misses you. The giant cockroach closely misses you.
Your shadow imp hits the giant cockroach.
The giant cockroach dies!
The river rat completely misses you. The centaur zombie misses you.
The centaur zombie barely misses you.
Your shadow imp barely misses the river rat.
The river rat bites you.
You die...

...# ...# ...## #..
....## #.. .....#
#..####### ...#.#
##..#≈≈≈≈≈# ...#.#
...#≈≈≈≈≈# ##.
...#.####.#.#≈≈5rZ#.....
##.#..##..#.#≈≈≈@≈#..#
##.##.##(##.'######.##
.........##..)......#
.........###.###.##.#
.........# #.###.#
.........###.>...##.
....................
........####..####..
........##...##


You could see a river rat (ally target), a centaur zombie and a friendly shadow
imp (summoned).

Vanquished Creatures
  A hound zombie (D:5)
  3 orcs (D:5)
  A rat (D:5)
5 creatures vanquished.

Vanquished Creatures (collateral kills)
  A giant cockroach (D:5)
  A rat (D:5)
2 creatures vanquished.

Grand Total: 7 creatures vanquished

Notes
Turn   | Place    | Note
-------+----------+-------------------------------------------
     0 | D:5      | flotson the Demonspawn Delver began the quest for the Orb.
     0 | D:5      | Reached XP level 1. HP: 18/18 MP: 1/1
    43 | D:5      | Gained mutation: A weak demonic guardian rushes to your
                  | aid. [demonic ancestry]
    43 | D:5      | Reached XP level 2. HP: 23/24 MP: 2/2
    93 | D:5      | Found a glowing drain.
   102 | D:5      | Slain by a river rat

Illustrated notes

Levels and vault maps discovered:
D:5:      layout_rooms, portal_sewer_entry_c

Skill      XL: |  1 |
---------------+----+-----
Axes           | 2 |  2.1
Dodging        | 2 |  2.1
Fighting       | |  3.2
Armour         | |  0.8
Stealth        | |  4.5

Action                   || total
-------------------------++-------
Melee: Hand axe          ||    21
  Use: Potion            ||     1
       Scroll            ||     1
Armor: Leather armour    ||     7
Dodge: Dodged            ||    28

Table legend: (Time is in decaauts)
 A = Elapsed time spent in this place.
 B = Non-inter-level travel time spent in this place.
 C = Inter-level travel time spent in this place.
 D = Time resting spent in this place.
 E = Time spent auto-exploring this place.
 F = Levels seen in this place.
 G = Mean time per level.
                   A        B        C        D        E       F      G
               +--------+--------+--------+--------+--------+-----+--------+
         Total |     95 |     95 |      0 |      0 |     13 |   1 |   95.0 |
       Dungeon |     95 |     95 |      0 |      0 |     13 |   1 |   95.0 |
               +--------+--------+--------+--------+--------+-----+--------+

Top non-repeatable levels by time:
     D:5: 95 daAuts
